 Dungeon Crawl Stone Soup version 0.30.1-9-gdf580d7c3d (webtiles) character file.

Game seed: 7163458831286075044

6779 js3 the Thaumaturge (level 10, -9/52 HPs)
             Began as a Deep Elf Conjurer on Oct 10, 2023.
             Was a Follower of Vehumet.
             Killed by an exploding fulminant prism (22 damage)
             ... on level 9 of the Dungeon.
             The game lasted 00:31:50 (10913 turns).

js3 the Thaumaturge (Deep Elf Conjurer)            Turns: 10913, Time: 00:31:50

Health: -9/52      AC:  4    Str:  4    XL:     10   Next: 76%
Magic:  21/29      EV: 17    Int: 28    God:    Vehumet [*.....]
Gold:   535        SH:  0    Dex: 13    Spells: 29/36 levels left

rFire   . . .        (no weapon)
rCold   . . .        (no shield)
rNeg    + . .        a - +0 robe
rPois   .            (no helmet)
rElec   .            n - +1 cloak of Starlight {*Dazzle EV+4 Stlth--}
rCorr   .            (no gloves)
SInv    .            (no boots)
Will    +....        E - amulet of magic regeneration Stlth
                     w - ring of positive energy
HPRegen 0.28/turn    (no ring)
MPRegen 0.61/turn

%: no passive effects
@: no status effects
A: no striking features
a: Renounce Religion


You were on level 9 of the Dungeon.
You worshipped Vehumet.
Vehumet was aware of your devotion.
You visited 3 branches of the dungeon, and saw 11 of its levels.
You also visited: Ossuary.

You collected 535 gold pieces.

Inventory:

Hand Weapons
 v - a +3 rapier of speed
Missiles
 g - a throwing net
Armour
 a - a +0 robe (worn)
 n - the +1 cloak of Starlight (worn) {*Dazzle EV+4 Stlth--}
   (You found it on level 3 of the Dungeon)

   *Dazzle:   It may blind those who miss an attack against the wearer in melee
   combat.
   EV:        It affects your evasion (+4).
   Stlth:     It makes you much less stealthy.
Jewellery
 d - a +5 ring of evasion
 w - a ring of positive energy (left hand)
 B - an amulet of the acrobat
 E - an amulet of magic regeneration (around neck)
 F - a +5 ring of evasion
Wands
 u - a wand of polymorph (10)
 A - a wand of light (9)
 C - a wand of digging (8)
 G - a wand of charming (4)
Scrolls
 e - 4 scrolls of magic mapping
 h - a scroll of blinking
 i - 6 scrolls of amnesia
 o - 2 scrolls of noise
 p - 2 scrolls of vulnerability
 s - 2 scrolls of torment
 t - a scroll of immolation
 y - a scroll of poison
 H - a scroll of butterflies {unknown}
Potions
 b - a potion of magic
 c - 2 potions of lignification
 f - 2 potions of haste
 j - 3 potions of degeneration {unknown}
 k - 4 potions of heal wounds
 l - a potion of attraction {unknown}
 m - a potion of brilliance {unknown}
 q - 3 potions of curing
 r - 3 potions of flight {unknown}
 x - 2 potions of mutation {unknown}
 z - a potion of might {unknown}
 D - a potion of berserk rage {unknown}


   Skills:
 + Level 1.0 Fighting
 - Level 5.0 Dodging
 + Level 3.8 Stealth
 + Level 13.5 Spellcasting
 + Level 11.5 Conjurations
 * Level 9.4 Hexes


You had 29 spell levels left.
You knew the following spells:

 Your Spells              Type           Power      Damage    Failure   Level
a - Magic Dart            Conj           100%       1d8       1%          1
b - Searing Ray           Conj           100%       2d8       1%          2
c - Fulminant Prism       Conj/Hex       33%        3d15      1%          4

Your spell library contained the following spells:

 Spells                   Type           Power      Damage    Failure   Level
 Kiss of Death            Conj/Necr      100%       2d13      1%          1
 Slow                     Hex            100%       N/A       1%          1
 Momentum Strike          Conj/Tloc      100%       3d10      1%          2
 Confusing Touch          Hex            64%        N/A       1%          3
 Dazzling Flash           Conj/Hex       100%       N/A       1%          3
 Mephitic Cloud           Conj/Pois/Air  40%        N/A       1%          3
 Necrotise                Necr           72%        1d7       2%          1
 Iskenderun's Mystic Bla  Conj/Tloc      50%        2d11      2%          4
 Blink                    Tloc           36%        N/A       4%          2
 Call Imp                 Summ           36%        N/A       4%          2
 Lesser Beckoning         Tloc           36%        N/A       4%          2
 Vampiric Draining        Necr           18%        2d7       9%          3
 Agony                    Necr           18%        N/A       61%         5


Dungeon Overview and Level Annotations

Branches:
Dungeon (9/15)             Temple (1/1) D:7            Lair (1/5) D:9
Ossuary (visited)
    Orc: D:9-12

Altars:
Ashenzari
Cheibriados
Dithmenos
Elyvilon
Fedhas
Gozag
Hepliaklqana
Kikubaaqudgha
Makhleb
Okawaru
Ru
Sif Muna
Trog
Uskayaw
Vehumet
Wu Jian

Shops:
D:6 :

Annotations:
D:9 1 runed translucent door


Message History

Casting: Fulminant Prism (safe; 1% risk of failure)
Confirm with . or Enter, or press ? or * to list all spells.
Aiming: Fulminant Prism (safe; 1% risk of failure)
Press: ? - help, Dir - move target You conjure a prism of explosive energy!
A fulminant prism comes into view.
The acid dragon closely misses you. The acid dragon claws you.
Casting: Fulminant Prism (safe; 1% risk of failure)
Confirm with . or Enter, or press ? or * to list all spells.
Aiming: Fulminant Prism (safe; 1% risk of failure)
Press: ? - help, Dir - move target You conjure a prism of explosive energy!
A fulminant prism comes into view.
The acid dragon misses you.
The acid dragon's vision is obscured by starry radiance!
The acid dragon claws you but does no damage.
Your fulminant prism crackles loudly.
Casting: Fulminant Prism (safe; 1% risk of failure)
Confirm with . or Enter, or press ? or * to list all spells.
Aiming: Searing Ray (safe; 1% risk of failure)
Press: ? - help, Shift-Dir - straight line, f - acid dragon
Aim: an acid dragon (lightly wounded, blind, ally target, 83% to hit)
The searing ray hits the acid dragon!
The acid dragon is heavily wounded. (Press . to maintain the ray.)
The acid dragon spits acid at you. The splash of acid hits you!
* * * LOW HITPOINT WARNING * * *
Your fulminant prism explodes!
The blast of energy engulfs the plant!!!
The plant begins to die.
The plant is moderately damaged.
The blast of energy engulfs the acid dragon!!
You kill the acid dragon!
Vehumet accepts your kill.
The acid dragon scales are intact enough to wear.
Your fulminant prism crackles loudly.
Your fulminant prism explodes!
The blast of energy engulfs you!!
You die...

........#.#...........#
.......###..#######)###
###.#.##...#######)..#
# #..###..#...≈...#..#
# ###.##.)..#...#....#
###).......##...##...#
....###.)#....P....#.#
#.....#..#≈(..>.P.≈#.#
#.#.#.##.#....P.@..#.#
...........##...##...#
#.#.#.##....#...#....#
#.....##..#...≈...#..#
###.####.[.#######.D.#
#.#######....###..##
#....###.###...D.##
#........# #.#####
#....###.###.#


There were no monsters in sight!

Vanquished Creatures
  Pikel (D:6)
  2 hornets
  Prince Ribbit (D:5)
  A shadow (D:9)
  8 yaks (D:9)
  Eustachio (D:5)
  2 steam dragons (D:6)
  Menkaure (D:4)
  An acid dragon (D:9)
  An orc warrior (D:9)
  2 black bears
  2 ice beasts
  A sky beast (D:8)
  3 ogres
  2 centaurs
  4 lemures (D:6)
  4 kobold brigands
  5 scorpions
  9 water moccasin zombies (Ossuary)
  7 bullfrogs
  3 electric eels (D:6)
  A howler monkey (D:9)
  5 orc priests
  4 gnoll boudas
  5 hounds
  7 orc wizards
  3 iguanas
  2 mummies (Ossuary)
  7 adders
  28 gnolls
  A shadow imp (D:7)
  A white imp (D:7)
  3 adder zombies (Ossuary)
  5 dart slugs
  26 orcs
  3 bats
  4 bat skeletons (D:8)
  3 bat zombies (D:8)
  4 endoplasms
  5 giant cockroaches
  3 gnoll zombies (Ossuary)
  2 goblins
  7 hobgoblins
  8 jackals
  29 kobolds
  6 quokkas
  7 ball pythons
  3 frilled lizards
  3 hobgoblin zombies (Ossuary)
  7 kobold zombies (Ossuary)
  7 orc zombies (Ossuary)
  5 rats
265 creatures vanquished.

Vanquished Creatures (others)
  65 fulminant prisms
65 creatures vanquished.

Grand Total: 330 creatures vanquished

Notes
Turn   | Place    | Note
-------+----------+-------------------------------------------
     0 | D:1      | js3 the Deep Elf Conjurer began the quest for the Orb.
     0 | D:1      | Reached XP level 1. HP: 10/10 MP: 6/6
   928 | D:1      | Reached XP level 2. HP: 15/15 MP: 5/8
  1534 | D:2      | Reached skill level 5 in Conjurations
  1802 | D:2      | Reached XP level 3. HP: 19/19 MP: 5/9
  2200 | D:2      | Found a faded altar of an unknown god.
  2653 | D:3      | Learned a level 2 spell: Searing Ray
  2705 | D:3      | Reached XP level 4. HP: 24/24 MP: 8/11
  2710 | D:3      | Learned a level 4 spell: Fulminant Prism
  2772 | D:3      | Found the +1 cloak of Starlight {*Dazzle EV+4 Stlth--}
  3464 | D:4      | Reached XP level 5. HP: 28/28 MP: 3/12
  3467 | D:4      | Reached skill level 4 in Spellcasting
  3547 | D:4      | Noticed an ogre
  3760 | D:4      | Found a sand-covered staircase.
  3861 | Ossuary  | Entered an ossuary
  3975 | Ossuary  | Reached skill level 5 in Spellcasting
  3975 | Ossuary  | Reached XP level 6. HP: 32/32 MP: 5/16
  4273 | Ossuary  | Reached skill level 6 in Spellcasting
  4378 | Ossuary  | Reached XP level 7. HP: 32/36 MP: 8/19
  4382 | Ossuary  | Reached skill level 7 in Spellcasting
  4739 | D:4      | Found a blossoming altar of Fedhas.
  4791 | D:4      | Reached skill level 1 in Hexes
  4797 | D:4      | Reached skill level 8 in Spellcasting
  4928 | D:4      | Noticed Menkaure
  4935 | D:4      | Killed Menkaure
  4936 | D:4      | Reached XP level 8. HP: 13/41 MP: 7/22
  5192 | D:4      | Found a shimmering blue altar of Sif Muna.
  5507 | D:5      | Entered Level 5 of the Dungeon
  5859 | D:5      | Found a broken altar of Ashenzari.
  5860 | D:5      | Found a snail-covered altar of Cheibriados.
  5872 | D:5      | Reached skill level 9 in Spellcasting
  6013 | D:5      | Noticed Eustachio
  6171 | D:5      | Noticed Prince Ribbit
  6181 | D:5      | Killed Prince Ribbit
  6182 | D:5      | Reached skill level 5 in Hexes
  6401 | D:5      | Killed Eustachio
  6402 | D:5      | Reached XP level 9. HP: 43/46 MP: 15/24
  6412 | D:5      | Reached skill level 10 in Spellcasting
  6866 | D:6      | Found Kimn's Book Emporium.
  6931 | D:6      | Noticed Pikel
  7471 | D:6      | Reached skill level 11 in Spellcasting
  7699 | D:6      | Reached skill level 10 in Conjurations
  7809 | D:6      | Killed Pikel
  8284 | D:7      | Reached XP level 10. HP: 51/51 MP: 21/27
  8395 | D:7      | Found a bloodstained altar of Trog.
  8698 | D:7      | Reached skill level 12 in Spellcasting
  8855 | D:7      | Found a staircase to the Ecumenical Temple.
  9094 | Temple   | Entered the Ecumenical Temple
  9102 | Temple   | Became a worshipper of Vehumet
  9757 | D:8      | Found an ancient bone altar of Kikubaaqudgha.
 10332 | D:9      | Reached skill level 5 in Dodging
 10351 | D:9      | Reached * piety under Vehumet
 10351 | D:9      | Offered knowledge of Kiss of Death by Vehumet.
 10352 | D:9      | Reached skill level 13 in Spellcasting
 10481 | D:9      | Reached skill level 1 in Fighting
 10648 | D:9      | Found a runed translucent door.
 10769 | D:9      | Found a staircase to the Lair.
 10906 | Lair:1   | Entered Level 1 of the Lair of Beasts
 10906 | Lair:1   | Noticed a black mamba
 10913 | D:9      | Killed by an exploding fulminant prism

Illustrated notes

Levels and vault maps discovered:
D:1:      kilobyte_arrival_exit_the_forest, layout_basic
D:2:      kb_forest_paths, layout_basic, hellmonk_ecumenical_altar_run_dry
D:3:      layout_rooms, chequers_jeans, st_stairs_14, kennysheep_generic_room_14
D:4:      layout_basic, mainiacjoe_overflow_surrounded_room,
          fedhas_ov_isle_minmay, chequers_ossuary_entry_cave, uniq_menkaure
D:5:      layout_cave_pools, jmf_multi_god_temple, uniq_eustachio,
          uniq_prince_ribbit1
D:6:      layout_cave_pools, serial_shops, shop, hangedman_decor_points,
          serial_bayou_lake_a, uniq_pikel
D:7:      layout_gridville, trog_ov_bears_minmay, temple_doors_ab
D:8:      layout_loops_ring, kennysheep_vampire_church
D:9:      layout_loops_ring, dpeg_oklobed_lair, minmay_st_funbox,
          chequers_serial_rivers_large_a
Temple:   nicolae_temple_bog_church
Lair:1:   layout_hall_layers, ebering_ghost_inner_flame, grunt_megastairs_1

Skill      XL: |  1  2  3  4  5  6  7  8  9 10 |
---------------+-------------------------------+-----
Conjurations   | 5 6 7 8 9 10 11 | 11.5
Stealth        | 3 |  3.8
Spellcasting   | 5 6 8 9 11 13 | 13.5
Dodging        | 3 4 5 |  5.0
Hexes          | 2 5 7 9 |  9.4
Fighting       | 1 |  1.0

Action                     |  1- 3 |  4- 6 |  7- 9 | 10-12 || total
---------------------------+-------+-------+-------+-------++-------
  Melee: Unarmed           |     4 |       |       |       ||     4
   Cast: Magic Dart        |    84 |    40 |   117 |    96 ||   337
         Searing Ray       |       |    15 |    33 |    28 ||    76
         Fulminant Prism   |       |     3 |    35 |    27 ||    65
    Use: Scroll            |       |       |    13 |     5 ||    18
         Potion            |       |       |       |     3 ||     3
 Armour: Robe              |     1 |     4 |     2 |    12 ||    19
  Dodge: Dodged            |     7 |    26 |    41 |    75 ||   149
